 Dungeon Crawl Stone Soup version 0.30-a0-241-g1121274140 (webtiles) character file.

Game seed: 1450039265606259810

80 gelatine the Gusty (level 4, 0/33 HPs)
             Began as a Draconian Air Elementalist on Oct 10, 2022.
             Slain by Crazy Yiuf
             ... wielding a +4 quarterstaff of chaos
              (11 damage)
             ... on level 2 of the Dungeon.
             The game lasted 00:07:08 (2521 turns).

gelatine the Gusty (Draconian Air Elementalist)     Turns: 2521, Time: 00:07:10

Health: 0/33       AC:  6    Str: 11    XL:     4   Next: 18%
Magic:  4/8        EV: 12    Int: 17    God:
Gold:   116        SH:  5    Dex: 17    Spells: 5/8 levels left

rFire   . . .      SeeInvis .    a - +3 dagger
rCold   . . .      Faith    .    (no shield)
rNeg    + . .      Spirit   .    (body armour unavailable)
rPois   .          Reflect  +    (helmet restricted)
rElec   .          Harm     .    (no cloak)
rCorr   .          Rampage  .    e - +0 pair of gloves
Will    .....                    (no boots)
Stlth   ++........               d - amulet of reflection
HPRegen 0.25/turn                l - ring of positive energy
MPRegen 0.11/turn                m - +6 ring of dexterity

@: no status effects
A: AC +5, unfitting armour, cold-blooded
a: no special abilities


You were on level 2 of the Dungeon.
You visited 1 branch of the dungeon, and saw 2 of its levels.

You collected 116 gold pieces.

Inventory:

Hand Weapons
 a - a +3 dagger (weapon)
 b - a +0 dagger of speed
Missiles
 n - 5 poisoned darts
Armour
 e - a +0 pair of gloves (worn)
Jewellery
 d - an amulet of reflection (around neck)
 l - a ring of positive energy (left hand)
 m - a +6 ring of dexterity (right hand)
Scrolls
 c - a scroll of identify {unknown}
 f - 2 scrolls of amnesia {unknown}
 g - a scroll of poison {unknown}
 i - 2 scrolls of butterflies {unknown}
 k - a scroll of teleportation {unknown}
 o - a scroll of enchant weapon {unknown}
Potions
 h - 2 potions of heal wounds {unknown}
 j - a potion of flight {unknown}


   Skills:
 + Level 0.2 Fighting
 + Level 0.6 Short Blades
 + Level 1.8 Dodging
 + Level 2.2 Stealth
 + Level 0.2 Shields
 + Level 2.7 Spellcasting
 + Level 1.7 Conjurations
 + Level 3.7 Air Magic


You had 5 spell levels left.
You knew the following spells:

 Your Spells              Type           Power      Damage    Failure   Level
a - Shock                 Conj/Air       44%        1d5       6%          1
b - Static Discharge      Conj/Air       22%        2-3/arc   9%          2

Your spell library contained the following spells:

 Spells                   Type           Power      Damage    Failure   Level
 Swiftness                Air            15%        N/A       12%         3
 Airstrike                Air            7%         2d(2-18)  36%         4
 Gell's Gravitas          Tloc           2%         N/A       47%         3
 Teleport Other           Tloc           2%         N/A       47%         3
 Dispersal                Tloc           1%         N/A       100%        6


Dungeon Overview and Level Annotations

Branches:
Dungeon (2/15)

Altars:

Annotations:
D:2 Crazy Yiuf


Innate Abilities, Weirdness & Mutations

Your plain brown scales are hard. (AC +5)
You cannot fit into any form of body armour.
You are cold-blooded and may be slowed by cold attacks.


Message History

a +0 short sword; a kobold corpse
Things that are here:
a +0 short sword; a kobold corpse You see here a +0 mace.
o - a scroll labelled HOWNAR DEGG
There is a stone staircase leading up here.
Things that are here:
6 stones; a +0 spear You see here a +0 mace.
Crazy Yiuf shouts!
You open the door.
Crazy Yiuf flaps his cloak.
Casting: Shock (safe; 6% risk of failure)
Confirm with . or Enter, or press ? or * to list all spells.
Crazy Yiuf is struck by an arc of lightning.
Crazy Yiuf is lightly wounded.
You are struck by an arc of lightning.
Crazy Yiuf is struck by an arc of lightning.
Crazy Yiuf is moderately wounded.
The lightning grounds out.
Crazy Yiuf hits you with a +4 quarterstaff of chaos!
Crazy Yiuf burns you.
Casting: Static Discharge (safe; 9% risk of failure)
Confirm with . or Enter, or press ? or * to list all spells.
Aiming: Shock (safe; 6% risk of failure)
Press: ? - help, Shift-Dir - straight line, f - Crazy Yiuf
Aim: Crazy Yiuf, wielding a +4 quarterstaff of chaos and wearing a +2 cloak (moderately wounded, 72% to hit)
The zap hits Crazy Yiuf.
Crazy Yiuf is heavily wounded.
Crazy Yiuf laughs, "Seed cloud sing-song!"
Crazy Yiuf hits you with a +4 quarterstaff of chaos!
Crazy Yiuf burns you.
Casting: Shock (safe; 6% risk of failure)
Confirm with . or Enter, or press ? or * to list all spells.
Aiming: Shock (safe; 6% risk of failure)
Press: ? - help, Shift-Dir - straight line, f/p - Crazy Yiuf
Aim: Crazy Yiuf, wielding a +4 quarterstaff of chaos and wearing a +2 cloak (heavily wounded, 72% to hit)
The zap misses Crazy Yiuf.
Crazy Yiuf hits you with a +4 quarterstaff of chaos!
You die...

♣♣♣♣♣### ### ###
♣♣♣.♣....## ..#
#...#♣..♣......##
#.#
#...g@♣♣♣♣......#
#.# #)..#♣♣
♣♣.....# #.## ###
♣♣###.### ...##
#...#### ....#
###..... ....# ###
### #.####
#.#.#####.#
#.#####.#
.......##.#
#.).....#
..#.##.##.#########
#########


You could see Crazy Yiuf.

Vanquished Creatures
  An adder (D:2)
  2 worms (D:2)
  2 dart slugs (D:2)
  4 ball pythons
  An endoplasm (D:1)
  2 giant cockroaches
  4 hobgoblins
  7 jackals (D:1)
  8 kobolds
  5 quokkas
  5 bats
  2 frilled lizards
  6 goblins
  7 rats
56 creatures vanquished.

Notes
Turn   | Place    | Note
-------+----------+-------------------------------------------
     0 | D:1      | gelatine the Draconian Air Elementalist began the quest for
                  | the Orb.
     0 | D:1      | Reached XP level 1. HP: 14/14 MP: 3/3
   214 | D:1      | Reached XP level 2. HP: 7/20 MP: 1/5
   614 | D:1      | Reached XP level 3. HP: 26/26 MP: 3/6
  1433 | D:2      | Identified the +2 robe "Xaizus" {Archmagi}
  2017 | D:2      | Reached XP level 4. HP: 28/33 MP: 0/7
  2328 | D:2      | Found a runed translucent door.
  2329 | D:2      | Noticed Crazy Yiuf
  2351 | D:2      | Learned a level 2 spell: Static Discharge
  2521 | D:2      | Slain by Crazy Yiuf

Illustrated notes

Levels and vault maps discovered:
D:1:      dpeg_arrival_water_fire, layout_rooms, minmay_pentomino_r2
D:2:      layout_loops_ring, minmay_goblin_outpost, uniq_crazy_yiuf_cottage

Skill      XL: |  1  2 |
---------------+-------+-----
Stealth        | 2 |  2.2
Fighting       | |  0.2
Short Blades   | |  0.6
Dodging        | |  1.8
Shields        | |  0.2
Spellcasting   | |  2.7
Conjurations   | |  1.7
Air Magic      | |  3.7

Action                   |  1- 3 |  4- 6 || total
-------------------------+-------+-------++-------
Melee: Dagger            |    35 |       ||    35
       Tailslap          |     2 |       ||     2
 Cast: Shock             |    99 |    11 ||   110
       Static Discharge  |       |     1 ||     1
  Use: Potion            |     1 |       ||     1
Armor: Skin              |    22 |     1 ||    23
Dodge: Dodged            |    42 |     2 ||    44
Block: Other             |    12 |       ||    12
       Reflection        |     1 |       ||     1

Table legend: (Time is in decaauts)
 A = Elapsed time spent in this place.
 B = Non-inter-level travel time spent in this place.
 C = Inter-level travel time spent in this place.
 D = Time resting spent in this place.
 E = Time spent auto-exploring this place.
 F = Levels seen in this place.
 G = Mean time per level.
                   A        B        C        D        E       F      G
               +--------+--------+--------+--------+--------+-----+--------+
         Total |   2510 |   2466 |     44 |     75 |   1967 |   2 | 1255.0 |
       Dungeon |   2510 |   2466 |     44 |     75 |   1967 |   2 | 1255.0 |
               +--------+--------+--------+--------+--------+-----+--------+

Top non-repeatable levels by time:
     D:2: 1340 daAuts
     D:1: 1169 daAuts
